 Dungeon Crawl Stone Soup version 0.28.0 (webtiles) character file.

Game seed: 3022682173029006715

4018 HallandMoats the Ruffian (level 10, -2/99 (100) HPs)
             Began as a Troll Monk on Feb 7, 2022.
             Was an Elder of Cheibriados.
             Slain by a wyvern (16 damage)
             ... on level 7 of the Dungeon.
             The game lasted 00:08:35 (4912 turns).

HallandMoats the Ruffian (Troll Monk)               Turns: 4912, Time: 00:08:36

HP:   -2/99 (100)   AC:  7    Str: 33    XL:     10   Next: 3%
MP:   14/14         EV: 14    Int: 16    God:    Cheibriados [****..]
Gold: 54            SH:  0    Dex: 24    Spells: 9/9 levels left

rFire   + . .      SeeInvis .     - Unarmed
rCold   . . .      Faith    .   (no shield)
rNeg    + . .      Spirit   .   a - +0 robe
rPois   .          Reflect  .   d - +2 hat
rElec   .          Harm     .   C - +0 cloak
rCorr   .          Rampage  .   (gloves unavailable)
Will    .....                   (boots unavailable)
Stlth   ++........              f - amulet of regeneration
HPRegen 1.86/turn               b - ring of protection from fire
MPRegen 0.14/turn               t - ring of positive energy

@: lightly drained, very slow
A: large, unfitting armour, claws 3, regeneration 1, shaggy fur 1, tough skin 1
a: Renounce Religion, Bend Time, Temporal Distortion, Slouch


You were on level 7 of the Dungeon.
You worshipped Cheibriados.
Cheibriados was greatly pleased with you.
You visited 1 branch of the dungeon, and saw 8 of its levels.

You collected 337 gold pieces.
You spent 283 gold pieces at shops.

Inventory:

Armour
 a - a +0 robe (worn)
 d - a +2 hat (worn)
 C - a +0 cloak (worn)
Jewellery
 b - a ring of protection from fire (left claw)
 f - an amulet of regeneration (around neck)
 t - a ring of positive energy (right claw)
Wands
 c - a wand of iceblast (10)
 y - a wand of paralysis (9)
 B - a wand of polymorph (4)
Scrolls
 g - 2 scrolls of brand weapon
 k - 4 scrolls of identify
 l - a scroll of fear
 o - 4 scrolls of vulnerability
 r - 2 scrolls of amnesia
 s - 2 scrolls of magic mapping
 x - a scroll of blinking {unknown}
 A - a scroll of summoning {unknown}
Potions
 e - 2 potions of heal wounds {unknown}
 h - a potion of haste {unknown}
 i - 3 potions of might {unknown}
 j - 3 potions of lignification {unknown}
 m - 3 potions of curing
 n - 2 potions of berserk rage
 p - a potion of brilliance {unknown}
 q - 2 potions of magic {unknown}
 u - 2 potions of cancellation {unknown}
 v - 2 potions of flight {unknown}
 w - 2 potions of resistance {unknown}
 z - 2 potions of mutation {unknown}


   Skills:
 + Level 6.4 Fighting
 - Level 0.4 Armour
 + Level 6.4 Dodging
 - Level 1.0 Stealth
 + Level 7.7 Unarmed Combat
 * Level 6.8 Invocations


You had 9 spell levels left.
You didn't know any spells.
Your spell library contained the following spells:

 Spells                   Type           Power      Damage    Failure   Level
 Animate Skeleton         Necr           0%         N/A       26%         1
 Pain                     Necr           0%         1d4       26%         1
 Slow                     Hex            0%         N/A       26%         1
 Sting                    Tmut/Pois      0%         1d3       26%         1
 Poisonous Vapours        Pois/Air       0%         N/A       36%         2
 Confusing Touch          Hex            0%         N/A       58%         3
 Vampiric Draining        Necr           0%         2d6       58%         3
 Olgreb's Toxic Radiance  Pois           0%         N/A       94%         4


Dungeon Overview and Level Annotations

Branches:
Dungeon (8/15)             Temple (0/1) D:7
   Lair: D:8-11

Altars:
Cheibriados
Dithmenos
Uskayaw
Yredelemnul

Shops:
D:1 [   D:3 [   D:5 [!   D:7 *

Annotations:
D:8 Psyche


Innate Abilities, Weirdness & Mutations

You are too large for most types of armour.
You have claws for hands.
Your natural rate of healing is unusually fast.
You are covered in fur. (AC +1)
You have tough skin. (AC +1)


Message History

The wyvern closely misses you. The wyvern bites you!
Items here: ( )) [ †.
You feel very sick. The wyvern closely misses you.
You feel sick. The wyvern misses you. The wyvern bites you.
The sentinel's mark upon you fades away.
You feel sick. The wyvern barely misses you.
You feel sick. The wyvern barely misses you. x2
You feel sick. The wyvern misses you. x2
You feel sick. The wyvern closely misses you.
You feel sick. The wyvern barely misses you. The wyvern completely misses you.
You feel sick.
You are no longer poisoned.
The wyvern bites you! The wyvern barely misses you. The wyvern misses you.
The wyvern barely misses you.
The yak snorts and paws the ground.
The wyvern bites you!
* * * LOW HITPOINT WARNING * * *
The wyvern barely misses you. The wyvern barely misses you.
The wyvern bites you!
* * * LOW HITPOINT WARNING * * *
The wyvern bites you.
* * * LOW HITPOINT WARNING * * *
The wyvern bites you but does no damage.
The wyvern misses you.
There is a stone staircase leading up here.
The wyvern closely misses you. The wyvern bites you!
* * * LOW HITPOINT WARNING * * *
You climb upwards.
There is a stone staircase leading down here.
Unknown command.
You claw the wyvern!
The wyvern is moderately wounded.
The wyvern bites you!
* * * LOW HITPOINT WARNING * * *
You barely miss the wyvern.
The wyvern is moderately wounded.
The wyvern bites you!
You die...

###.....#..##...####.##≈≈.....≈
#......##<....### #.##........
##...........## #..........#
##...........## #..........#
##...........# #..........#
####...#...##..# ##.........#
###..........###.#####..........#
#.......#.#...##..#......##...###
###..........##.@......####.....#
###....#.8.#....l.....## #.#....
#....#.......#......### #......
...#...8.>.8...#.....######......
.....#.......#.........##........
#..#...#.8.#....................)
#................................
##.#....#.#............[.........
####..............#...).....###.


You could see a wyvern.

Vanquished Creatures
  Pikel (D:4)
  Joseph (D:8)
  Grinder (D:2)
  Prince Ribbit (D:6)
  A wyvern (D:8)
  Eustachio (D:6)
  A steam dragon (D:4)
  Duvessa (D:7)
  A black bear (D:4)
  2 ogres
  4 lemures (D:4)
  A phantom (D:6)
  A kobold brigand (D:6)
  2 bullfrogs
  6 scorpions
  A gnoll sergeant (D:7)
  A water moccasin skeleton (D:6)
  Dowan (D:7)
  5 wights (D:8)
  5 killer bees
  A lava snake (D:7)
  The ghost of DemonSlayer the Magician, a weakling DEWz (D:3)
  2 hounds
  2 jellies
  2 orc priests
  Crazy Yiuf (D:7)
  A centaur skeleton (D:7)
  3 iguanas (D:5)
  Ijyb (D:5)
  5 orc wizards
  2 hound skeletons (D:4)
  3 gnolls
  11 adders
  2 howler monkey skeletons
  An ufetubus (D:4)
  2 worms
  5 dart slugs
  18 orcs
  16 ball pythons
  8 endoplasms
  6 giant cockroaches
  8 hobgoblins
  4 jackals
  7 quokkas
  3 bats
  2 frilled lizards
  8 goblins
  15 kobolds
  6 rats
184 creatures vanquished.

Vanquished Creatures (others)
  A wyvern (D:8)
  A water moccasin (D:8)
  A fungus (D:8)
  A plant (D:8)
4 creatures vanquished.

Grand Total: 188 creatures vanquished

Notes
Turn   | Place    | Note
-------+----------+-------------------------------------------
     0 | D:1      | HallandMoats the Troll Monk began the quest for the Orb.
     0 | D:1      | Reached XP level 1. HP: 22/22 MP: 0/0
    57 | D:1      | Reached XP level 2. HP: 29/29 MP: 1/1
   260 | D:1      | Reached XP level 3. HP: 36/36 MP: 2/2
   329 | D:1      | Found Dolisk's Antique Armour Shop.
   607 | D:2      | Reached XP level 4. HP: 45/45 MP: 3/3
   725 | D:2      | Found a faded altar of an unknown god.
  1139 | D:3      | Found a runed translucent gate.
  1140 | D:3      | Found a runed translucent gate.
  1178 | D:3      | Found a runed translucent gate.
  1179 | D:3      | Noticed DemonSlayer's ghost (weakling DEWz)
  1197 | D:3      | Reached skill level 4 in Unarmed Combat
  1240 | D:3      | Reached XP level 5. HP: 53/53 MP: 4/4
  1267 | D:3      | Noticed Grinder
  1274 | D:3      | Paralysed by Grinder for 6 turns
  1328 | D:3      | Paralysed by Grinder for 6 turns
  1345 | D:2      | Killed Grinder
  1346 | D:2      | Reached XP level 6. HP: 27/62 MP: 5/5
  1435 | D:3      | Found Olaogy's Antique Armour Shop.
  1513 | D:3      | Reached skill level 5 in Unarmed Combat
  1757 | D:3      | Killed DemonSlayer's ghost
  1825 | D:4      | Reached XP level 7. HP: 69/70 MP: 6/6
  1928 | D:4      | Noticed a steam dragon
  1933 | D:4      | Killed a steam dragon
  1941 | D:4      | Found a snail-covered altar of Cheibriados.
  1970 | D:4      | Became a worshipper of Cheibriados the Contemplative
  1970 | D:4      | Reached * piety under Cheibriados
  1970 | D:4      | Reached ** piety under Cheibriados
  2122 | D:4      | Noticed Pikel
  2190 | D:4      | Killed Pikel
  2191 | D:4      | Reached skill level 5 in Fighting
  2191 | D:4      | Reached skill level 5 in Dodging
  2191 | D:4      | Reached skill level 6 in Unarmed Combat
  2191 | D:4      | Reached XP level 8. HP: 19/80 MP: 6/9
  2744 | D:4      | Reached *** piety under Cheibriados
  2890 | D:5      | Entered Level 5 of the Dungeon
  2898 | D:5      | Found Zairez's Distillery.
  2916 | D:5      | Bought a potion of berserk rage for 70 gold pieces
  2916 | D:5      | Bought a potion of curing for 42 gold pieces
  2945 | D:5      | Noticed Ijyb
  2952 | D:5      | Killed Ijyb
  3084 | D:5      | Found Laarchan's Antique Armour Boutique.
  3429 | D:6      | Found a shadowy altar of Dithmenos.
  3444 | D:6      | Reached XP level 9. HP: 84/88 MP: 11/11
  3649 | D:6      | Reached skill level 5 in Invocations
  3891 | D:6      | Noticed Eustachio
  3926 | D:6      | Reached skill level 7 in Unarmed Combat
  3939 | D:6      | Killed Eustachio
  3979 | D:6      | Found a basalt altar of Yredelemnul.
  4069 | D:6      | Reached **** piety under Cheibriados
  4071 | D:7      | Noticed Prince Ribbit
  4080 | D:6      | Killed Prince Ribbit
  4122 | D:7      | Found a staircase to the Ecumenical Temple.
  4160 | D:7      | Noticed Duvessa
  4161 | D:7      | Noticed Dowan
  4173 | D:7      | Killed Duvessa
  4185 | D:7      | Killed Dowan
  4265 | D:7      | Found a hide-covered altar of Uskayaw.
  4314 | D:7      | Found a runed translucent door.
  4315 | D:7      | Noticed Crazy Yiuf
  4384 | D:7      | Found Coprast's Assorted Antiques.
  4387 | D:7      | Bought 2 scrolls of identify for 116 gold pieces
  4387 | D:7      | Bought a scroll labelled URAANO VEIHOO for 29 gold pieces
  4387 | D:7      | Bought a black potion for 26 gold pieces
  4387 | D:7      | Identified a scroll of acquirement
  4390 | D:7      | Acquired a +2 hat
  4623 | D:7      | Killed Crazy Yiuf
  4799 | D:8      | Noticed Joseph
  4813 | D:8      | Killed Joseph
  4814 | D:8      | Reached XP level 10. HP: 22/100 MP: 12/14
  4881 | D:8      | Noticed Psyche
  4912 | D:7      | Slain by a wyvern

Illustrated notes

Levels and vault maps discovered:
D:1:      amcnicky_arrival_blooded_trapdoor, layout_rooms, serial_shops,
          nicolae_shop_trees
D:2:      minmay_skewed_foursquare, layout_loops_cross,
          hellmonk_ecumenical_altar_blasted, kennysheep_minor_cross,
          minmay_cut_off
D:3:      layout_rooms, gammafunk_ghost_split, serial_shops, shop, uniq_grinder
D:4:      layout_gridville, mainiacjoe_overflow_24_doors, roderic_lattice_a,
          nzn_random_ring, uniq_pikel
D:5:      layout_cave_pools, serial_shops,
          nicolae_shop_temple_entry_statues_fountains, nicolae_shop_crystal,
          uniq_ijyb
D:6:      layout_basic, mainiacjoe_overflow_large_starburst, uniq_eustachio
D:7:      layout_cave_pools, nicolae_uskayaw_suspiria,
          minmay_temple_entry_sparse_star, serial_shops, kennysheep_mini,
          kennysheep_crisscross, uniq_duvessa, uniq_prince_ribbit1,
          uniq_crazy_yiuf_cottage
D:8:      layout_loops_ring, overflow_temple_1_default, minmay_lair_entry_grove,
          uniq_psyche, uniq_joseph, uniq_maggie

Skill      XL: |  1  2  3  4  5  6  7  8  9 |
---------------+----------------------------+-----
Fighting       | 3 4 5 6 |  6.4
Dodging        | 3 4 5 6 |  6.4
Unarmed Combat | 4 5 6 7 |  7.7
Invocations    | 2 4 6 |  6.8
Armour         | |  0.4
Stealth        | |  1.0

Action                   |  1- 3 |  4- 6 |  7- 9 | 10-12 || total
-------------------------+-------+-------+-------+-------++-------
Melee: Unarmed           |   107 |   136 |   307 |     9 ||   559
       Punch             |       |     4 |    22 |       ||    26
  Use: Scroll            |       |     4 |     4 |       ||     8
 Stab: Sleeping          |     7 |     4 |     9 |       ||    20
       Distracted        |       |       |     1 |       ||     1
Armor: Robe              |    25 |    57 |    64 |     3 ||   149
Dodge: Dodged            |    52 |    70 |   225 |    41 ||   388
